 Dungeon Crawl Stone Soup version 0.23.1 (webtiles) character file.

Game seed: 10650473231486619990

42 Borgoz the Sneak (level 3, -4/28 HPs)
             Began as a Ghoul Enchanter on Mar 3, 2019.
             Slain by a worker ant (6 damage)
             ... on level 2 of the Dungeon.
             The game lasted 00:03:00 (1564 turns).

Borgoz the Sneak (Ghoul Enchanter)                  Turns: 1564, Time: 00:03:01

Health: -4/28      AC:  3    Str: 11    XL:     3   Next: 56%
Magic:  0/4        EV: 11    Int: 10    God:
Gold:   77         SH:  0    Dex: 10    Spells: 4/5 levels left

rFire    . . .     SeeInvis .   l - +1 dagger (flame)
rCold    + . .     Gourm    .   (no shield)
rNeg     + + +     Faith    .   i - +0 leather armour
rPois    ∞         Spirit   +   (no helmet)
rElec    .         Reflect  .   h - scarf {Spirit}
rCorr    .         Harm     .   (no gloves)
MR       .....     Rnd*Tele +   (no boots)
Stlth    ++........             (no amulet)
HPRegen  0.00/turn              f - +2 ring of slaying
MPRegen  0.09/turn              e - ring of teleportation (curse)

@: flying, rotting
A: rotting body, claws 1, carnivore, cold resistance 1, negative energy
resistance 3, inhibited regeneration, torment resistance, unbreathing
a: no special abilities


You were on level 2 of the Dungeon.
You were not hungry.

You visited 1 branch of the dungeon, and saw 3 of its levels.

You collected 77 gold pieces.

Inventory:

Hand Weapons
 l - a +1 dagger of flaming (weapon)
Missiles
 k - 5 tomahawks (quivered)
Armour
 h - a scarf of spirit shield (worn)
 i - a +0 leather armour (worn)
Jewellery
 e - a cursed ring of teleportation (right claw)
 f - a +2 ring of slaying (left claw)
Scrolls
 b - a scroll of blinking
 c - 2 scrolls of identify
 g - 2 scrolls of enchant armour
Comestibles
 d - 3 rations
 j - 7 chunks of flesh


   Skills:
 * Level 1.5 Fighting
 * Level 1.3 Short Blades
 + Level 0.4 Throwing
 * Level 1.0 Armour
 * Level 2.0 Dodging
 + Level 3.4 Stealth
 + Level 1.8 Spellcasting
 + Level 2.5 Hexes


You had 4 spell levels left.
You knew the following spells:

 Your Spells              Type           Power        Failure   Level  Hunger
a - Corona                Hex            #......      16%         1    ##.....

Your spell library contained the following spells:

 Spells                   Type           Power        Failure   Level  Hunger
 Ensorcelled Hibernation  Hex/Ice        #.....       36%         2    ###....
 Confuse                  Hex            #.......     41%         3    ####...
 Tukima's Dance           Hex            #.......     41%         3    ####...
 Dazzling Spray           Conj/Hex       #.....       58%         3    ####...


Dungeon Overview and Level Annotations

Branches:
Dungeon (3/15)

Altars:
Wu Jian


Innate Abilities, Weirdness & Mutations

Your body is rotting away.
You thrive on raw meat.
You are immune to poison.
You have sharp fingernails.
You are carnivorous and can eat meat at any time.
Your flesh is cold resistant. (rC+)
You are immune to negative energy. (rN+++)
You do not regenerate when monsters are visible.
You are immune to unholy pain and torment.
You can survive without breathing.


Message History

The worker ant bites you but does no damage.
You hit the worker ant but do no damage.
The worker ant is heavily wounded.
The worker ant bites you.
You barely miss the worker ant.
The worker ant is heavily wounded.
The worker ant bites you.
* * * LOW HITPOINT WARNING * * *
You hit the worker ant but do no damage.
The worker ant is heavily wounded.
The worker ant closely misses you.
You hit the worker ant. You burn the worker ant.
The worker ant is severely wounded.
The worker ant bites you.
* * * LOW HITPOINT WARNING * * *
The worker ant closely misses you.
You see here a short sword.
Okay, then.
The worker ant bites you!
You die...

###.#...)###. # #.# ###....#.#
#..###.##########
.........###+###........>.......
###......###_+...####.##########
#..###.###+# #.####.# ###..# #.#
#.# #......# .##..#
#.###.###..#.### .##..#
#.......[....#
.##..###.#.#.###@...#
.).....#..§....a...##
.....#.###§)####...#
.#...#.§§§§§# #.###
.....#.§###§# ### #....#..###§#
.....#... ..# ##...#.######
........#


You could see a worker ant.

Vanquished Creatures
  An adder (D:2)
  An ooze (D:1)
  2 dart slugs (D:1)
  2 leopard geckos
  An orc (D:3)
  3 giant cockroaches (D:1)
  3 hobgoblins
  A kobold (D:2)
  A quokka (D:3)
  A ball python (D:3)
  2 frilled lizards (D:3)
  2 goblins
  3 rats
23 creatures vanquished.

Notes
Turn   | Place    | Note
-------+----------+-------------------------------------------
     0 | D:1      | Borgoz the Ghoul Enchanter began the quest for the Orb.
     0 | D:1      | Reached XP level 1. HP: 14/14 MP: 2/2
    26 | D:1      | Reached skill level 1 in Short Blades
   216 | D:1      | Reached XP level 2. HP: 10/21 MP: 0/3
   512 | D:1      | Reached skill level 1 in Fighting
   995 | D:2      | Reached XP level 3. HP: 19/28 MP: 2/4
  1507 | D:2      | Found an ornate altar of the Wu Jian Council.
  1515 | D:2      | Reached skill level 1 in Armour
  1564 | D:2      | Slain by a worker ant

Skill      XL: |  1  2  3 |
---------------+----------+-----
Short Blades   | 1 |  1.3
Fighting       | 1 |  1.5
Dodging        | 2 |  2.0
Armour         | 1 |  1.0
Throwing       | |  0.4
Stealth        | |  3.4
Spellcasting   | |  1.8
Hexes          | |  2.5

Action                   || total
-------------------------++-------
Melee: Dagger            ||    87
 Cast: Corona            ||     2
  Use: Scroll            ||     3
       Potion            ||     3
 Stab: Sleeping          ||     6
  Eat: Chunk             ||     8
Armor: Robe              ||     5
       Leather armour    ||     9
Dodge: Dodged            ||    38
